3111 views
Uploaded 2020-01-01 19:57:38
Game version 1.32.0.4
29:43 long 4on4 ladder game on (8)BanewoodBog_LV
Saved by BEARAND
3111 views
Uploaded 2020-01-01 19:57:38
Game version 1.32.0.4
29:43 long 4on4 ladder game on (8)BanewoodBog_LV


116 units @ 14.9k
/ 2.2k
325 buildings @ 29.1k
/ 15.8k


| Healing Salve | 2 | 200 |
| Orb of Lightning | 1 | 375 |
| Boots of Speed | 2 | 500 |
| Staff of Teleportation | 2 | 300 |
| Staff of Sanctuary | 2 | 500 |
| Orb of Fire | 1 | 325 |
| total: | 10 | 2200g |
| Peon | 17 | 1275 | / | 0 |
| Troll Batrider | 6 | 960 | / | 240 |
| total: | 23 | 2235g | / | 240w |
| Watch Tower | 37 | 4070 | / | 2960 |
| Altar of Storms | 1 | 180 | / | 50 |
| Orc Burrow | 3 | 480 | / | 120 |
| War Mill | 1 | 205 | / | 0 |
| Voodoo Lounge | 1 | 130 | / | 30 |
| Great Hall | 1 | 385 | / | 185 |
| Beastiary | 6 | 870 | / | 840 |
| Stronghold | 1 | 315 | / | 190 |
| Fortress | 1 | 325 | / | 190 |
| total: | 50 | 6320g | / | 4185w |
| 0:04 | Peon |
| 0:04 | Peon |
| 0:07 | Altar of Storms |
| 0:21 | Orc Burrow |
| 0:25 | Peon |
| 0:39 | Peon |
| 0:51 | War Mill |
| 0:59 | Peon |
| 1:08 | Voodoo Lounge |
| 1:14 | Peon |
| 1:24 | Peon |
| 1:41 | Orc Burrow |
| 1:49 | Peon |
| 2:12 | Watch Tower |
| 2:17 | Wind Walk |
| 2:19 | Peon |
| 2:20 | Healing Salve |
| 2:29 | Peon |
| 2:41 | Watch Tower |
| 2:51 | Peon |
| 2:56 | Watch Tower |
| 3:08 | Peon |
| 3:19 | Watch Tower |
| 3:22 | Watch Tower |
| 3:40 | Peon |
| 3:59 | Watch Tower |
| 4:11 | Boots of Speed |
| 4:14 | Staff of Teleportation |
| 4:36 | Watch Tower |
| 4:45 | Watch Tower |
| 5:10 | Watch Tower |
| 5:51 | Critical Strike |
| 5:55 | Great Hall |
| 5:58 | Watch Tower |
| 6:05 | Stronghold |
| 6:09 | Watch Tower |
| 6:16 | Watch Tower |
| 6:54 | Spiked Barricades |
| 7:04 | Watch Tower |
| 7:21 | Watch Tower |
| 7:26 | Orc Burrow |
| 7:38 | Healing Salve |
| 7:51 | Watch Tower |
| 8:09 | Watch Tower |
| 8:24 | Watch Tower |
| 8:49 | Peon |
| 8:49 | Peon |
| 8:49 | Peon |
| 8:49 | Peon |
| 8:54 | Reinforced Defenses |
| 9:11 | Watch Tower |
| 9:17 | Watch Tower |
| 9:32 | Watch Tower |
| 9:34 | Hex |
| 9:39 | Boots of Speed |
| 9:39 | Staff of Teleportation |
| 10:18 | Watch Tower |
| 10:20 | Watch Tower |
| 10:49 | Watch Tower |
| 11:02 | Fortress |
| 11:35 | Watch Tower |
| 11:44 | Wind Walk |
| 11:58 | Watch Tower |
| 13:07 | Watch Tower |
| 13:11 | Watch Tower |
| 13:43 | Beastiary |
| 13:45 | Beastiary |
| 13:53 | Beastiary |
| 13:55 | Beastiary |
| 14:05 | Improved Spiked Barricades |
| 14:05 | Steel Ranged Weapons |
| 14:06 | Steel Armor |
| 14:10 | Beastiary |
| 14:11 | Beastiary |
| 14:14 | Orb of Lightning |
| 14:20 | Watch Tower |
| 14:24 | Watch Tower |
| 15:00 | Liquid Fire |
| 15:25 | Watch Tower |
| 15:28 | Watch Tower |
| 15:40 | Healing Wave |
| 16:24 | Watch Tower |
| 16:35 | Watch Tower |
| 16:36 | Watch Tower |
| 17:44 | Watch Tower |
| 17:45 | Watch Tower |
| 18:03 | Staff of Sanctuary |
| 18:13 | Troll Batrider |
| 18:31 | Watch Tower |
| 19:05 | Troll Batrider |
| 20:05 | Thorium Ranged Weapons |
| 20:06 | Thorium Armor |
| 20:26 | Healing Wave |
| 20:37 | Critical Strike |
| 23:23 | Arcanite Ranged Weapons |
| 23:23 | Arcanite Armor |
| 25:08 | Troll Batrider |
| 25:09 | Troll Batrider |
| 25:35 | Troll Batrider |
| 26:46 | Wind Walk |
| 27:15 | Staff of Sanctuary |
| 27:16 | Orb of Fire |
| 29:02 | Troll Batrider |
| 29:16 | Hex |
| Right click | 1988 |
| Select | 475 |
| Select group | 392 |
| Misc. action | 127 |
| Build/train/purchase | 91 |
| Use ability | 73 |
| Chat | 15 |
| Assign group | 14 |
| Item give/drop | 6 |
| Esc | 2 |



| Staff of Sanctuary | 3 | 750 |
| Boots of Speed | 3 | 750 |
| Staff of Teleportation | 4 | 600 |
| Periapt of Vitality | 2 | 650 |
| Healing Salve | 2 | 200 |
| Orb of Lightning | 2 | 750 |
| total: | 16 | 3700g |
| Peasant | 17 | 1275 | / | 0 |
| Priest | 1 | 135 | / | 10 |
| Dragonhawk Rider | 3 | 600 | / | 90 |
| total: | 21 | 2010g | / | 100w |
| Scout Tower | 157 | 4710 | / | 3140 |
| Arcane Tower | 7 | 490 | / | 350 |
| Guard Tower | 83 | 5810 | / | 4150 |
| Altar of Kings | 1 | 180 | / | 50 |
| Farm | 5 | 400 | / | 100 |
| Lumber Mill | 1 | 120 | / | 0 |
| Town Hall | 2 | 770 | / | 410 |
| Arcane Vault | 4 | 520 | / | 120 |
| Blacksmith | 1 | 140 | / | 60 |
| Barracks | 1 | 160 | / | 60 |
| Arcane Sanctum | 1 | 150 | / | 140 |
| Gryphon Aviary | 2 | 280 | / | 300 |
| Keep | 2 | 640 | / | 420 |
| Castle | 2 | 720 | / | 420 |
| total: | 175 | 7430g | / | 4380w |
| 0:02 | Peasant |
| 0:03 | Peasant |
| 0:08 | Altar of Kings |
| 0:13 | Peasant |
| 0:19 | Farm |
| 0:20 | Peasant |
| 0:31 | Peasant |
| 0:38 | Farm |
| 0:40 | Peasant |
| 0:49 | Scout Tower |
| 0:52 | Peasant |
| 1:00 | Peasant |
| 1:20 | Arcane Tower |
| 1:22 | Scout Tower |
| 1:22 | Peasant |
| 1:27 | Lumber Mill |
| 1:33 | Peasant |
| 2:01 | Scout Tower |
| 2:13 | Scout Tower |
| 2:16 | Blizzard |
| 2:19 | Scout Tower |
| 2:29 | Peasant |
| 2:31 | Guard Tower |
| 2:33 | Scout Tower |
| 2:34 | Scout Tower |
| 2:39 | Scout Tower |
| 2:40 | Scout Tower |
| 2:41 | Guard Tower |
| 2:45 | Guard Tower |
| 2:47 | Guard Tower |
| 2:51 | Peasant |
| 2:58 | Improved Masonry |
| 2:58 | Advanced Masonry |
| 3:09 | Peasant |
| 3:09 | Peasant |
| 3:10 | Peasant |
| 3:11 | Guard Tower |
| 3:13 | Scout Tower |
| 3:13 | Scout Tower |
| 3:17 | Guard Tower |
| 3:19 | Scout Tower |
| 3:20 | Scout Tower |
| 3:20 | Scout Tower |
| 3:21 | Scout Tower |
| 3:43 | Guard Tower |
| 3:46 | Scout Tower |
| 3:47 | Scout Tower |
| 3:47 | Scout Tower |
| 4:15 | Guard Tower |
| 4:17 | Scout Tower |
| 4:24 | Guard Tower |
| 4:27 | Scout Tower |
| 4:28 | Scout Tower |
| 4:34 | Keep |
| 4:44 | Guard Tower |
| 4:47 | Scout Tower |
| 4:48 | Scout Tower |
| 4:49 | Scout Tower |
| 4:49 | Scout Tower |
| 4:51 | Boots of Speed |
| 4:51 | Staff of Teleportation |
| 4:55 | Staff of Teleportation |
| 4:55 | Staff of Teleportation |
| 5:06 | Guard Tower |
| 5:13 | Healing Salve |
| 5:25 | Guard Tower |
| 5:26 | Guard Tower |
| 5:34 | Arcane Tower |
| 6:35 | Town Hall |
| 6:38 | Brilliance Aura |
| 6:42 | Scout Tower |
| 6:42 | Scout Tower |
| 6:43 | Scout Tower |
| 6:46 | Farm |
| 6:46 | Farm |
| 6:48 | Scout Tower |
| 6:48 | Scout Tower |
| 7:01 | Guard Tower |
| 7:03 | Arcane Tower |
| 7:04 | Scout Tower |
| 7:05 | Scout Tower |
| 7:43 | Peasant |
| 7:58 | Guard Tower |
| 7:59 | Guard Tower |
| 8:10 | Arcane Sanctum |
| 8:13 | Imbued Masonry |
| 8:31 | Castle |
| 8:46 | Storm Bolt |
| 8:50 | Guard Tower |
| 8:52 | Scout Tower |
| 8:54 | Scout Tower |
| 8:54 | Scout Tower |
| 8:55 | Scout Tower |
| 8:56 | Scout Tower |
| 8:56 | Scout Tower |
| 9:15 | Boots of Speed |
| 9:15 | Staff of Teleportation |
| 9:15 | Periapt of Vitality |
| 9:32 | Guard Tower |
| 9:35 | Peasant |
| 9:37 | Scout Tower |
| 9:38 | Scout Tower |
| 9:38 | Scout Tower |
| 9:39 | Scout Tower |
| 10:18 | Guard Tower |
| 10:19 | Guard Tower |
| 10:21 | Guard Tower |
| 10:24 | Scout Tower |
| 10:24 | Scout Tower |
| 10:24 | Scout Tower |
| 10:25 | Scout Tower |
| 10:39 | Scout Tower |
| 10:40 | Scout Tower |
| 10:40 | Scout Tower |
| 10:41 | Scout Tower |
| 10:51 | Scout Tower |
| 10:52 | Scout Tower |
| 10:53 | Scout Tower |
| 10:53 | Scout Tower |
| 11:01 | Guard Tower |
| 11:01 | Arcane Tower |
| 11:02 | Guard Tower |
| 11:20 | Guard Tower |
| 11:20 | Guard Tower |
| 11:23 | Scout Tower |
| 11:25 | Scout Tower |
| 11:25 | Scout Tower |
| 11:28 | Guard Tower |
| 11:52 | Arcane Vault |
| 11:53 | Arcane Vault |
| 12:08 | Guard Tower |
| 12:09 | Holy Light |
| 12:29 | Arcane Vault |
| 12:30 | Arcane Vault |
| 13:02 | Bash |
| 13:03 | Boots of Speed |
| 13:04 | Periapt of Vitality |
| 13:08 | Blizzard |
| 13:27 | Guard Tower |
| 13:30 | Scout Tower |
| 13:30 | Scout Tower |
| 13:31 | Guard Tower |
| 14:08 | Scout Tower |
| 14:08 | Scout Tower |
| 14:09 | Guard Tower |
| 14:11 | Staff of Sanctuary |
| 14:23 | Orb of Lightning |
| 14:42 | Healing Salve |
| 15:05 | Staff of Sanctuary |
| 15:09 | Guard Tower |
| 15:12 | Scout Tower |
| 15:13 | Scout Tower |
| 15:13 | Scout Tower |
| 15:13 | Scout Tower |
| 15:14 | Scout Tower |
| 15:17 | Gryphon Aviary |
| 15:17 | Gryphon Aviary |
| 15:18 | Blacksmith |
| 15:19 | Barracks |
| 15:37 | Guard Tower |
| 15:38 | Scout Tower |
| 15:39 | Scout Tower |
| 15:39 | Scout Tower |
| 15:40 | Scout Tower |
| 15:41 | Scout Tower |
| 15:48 | Magic Sentry |
| 15:48 | Priest |
| 15:48 | Priest Adept Training |
| 16:34 | Scout Tower |
| 16:35 | Scout Tower |
| 16:35 | Scout Tower |
| 16:36 | Scout Tower |
| 16:36 | Scout Tower |
| 16:37 | Scout Tower |
| 16:37 | Scout Tower |
| 16:37 | Scout Tower |
| 16:38 | Scout Tower |
| 16:38 | Scout Tower |
| 16:39 | Scout Tower |
| 16:40 | Scout Tower |
| 16:41 | Scout Tower |
| 16:41 | Scout Tower |
| 16:41 | Scout Tower |
| 16:42 | Scout Tower |
| 16:42 | Scout Tower |
| 16:43 | Scout Tower |
| 16:43 | Scout Tower |
| 17:54 | Arcane Tower |
| 17:55 | Guard Tower |
| 17:58 | Scout Tower |
| 18:25 | Staff of Sanctuary |
| 18:30 | Orb of Lightning |
| 19:15 | Scout Tower |
| 19:16 | Scout Tower |
| 19:16 | Scout Tower |
| 19:50 | Guard Tower |
| 19:53 | Guard Tower |
| 19:54 | Scout Tower |
| 19:55 | Scout Tower |
| 19:55 | Scout Tower |
| 19:56 | Scout Tower |
| 20:20 | Divine Shield |
| 20:55 | Animal War Training |
| 20:58 | Dragonhawk Rider |
| 20:58 | Dragonhawk Rider |
| 21:05 | Guard Tower |
| 21:08 | Guard Tower |
| 21:10 | Scout Tower |
| 21:12 | Scout Tower |
| 21:12 | Scout Tower |
| 21:12 | Scout Tower |
| 21:13 | Scout Tower |
| 21:13 | Scout Tower |
| 21:14 | Scout Tower |
| 21:14 | Scout Tower |
| 21:15 | Scout Tower |
| 21:16 | Scout Tower |
| 21:16 | Scout Tower |
| 21:17 | Scout Tower |
| 21:17 | Scout Tower |
| 21:18 | Scout Tower |
| 21:18 | Scout Tower |
| 21:52 | Dragonhawk Rider |
| 21:53 | Studded Leather Armor |
| 22:57 | Scout Tower |
| 22:57 | Scout Tower |
| 22:58 | Scout Tower |
| 22:58 | Scout Tower |
| 22:59 | Scout Tower |
| 22:59 | Scout Tower |
| 22:59 | Scout Tower |
| 23:04 | Scout Tower |
| 23:04 | Scout Tower |
| 23:05 | Scout Tower |
| 23:05 | Scout Tower |
| 23:06 | Scout Tower |
| 23:06 | Scout Tower |
| 23:06 | Scout Tower |
| 23:07 | Scout Tower |
| 23:07 | Scout Tower |
| 23:08 | Scout Tower |
| 23:16 | Scout Tower |
| 23:16 | Scout Tower |
| 23:16 | Scout Tower |
| 23:17 | Scout Tower |
| 23:17 | Scout Tower |
| 23:17 | Scout Tower |
| 23:20 | Scout Tower |
| 23:21 | Scout Tower |
| 23:22 | Scout Tower |
| 23:22 | Scout Tower |
| 23:23 | Scout Tower |
| 23:24 | Scout Tower |
| 23:24 | Scout Tower |
| 23:25 | Scout Tower |
| 23:25 | Scout Tower |
| 23:26 | Scout Tower |
| 23:26 | Scout Tower |
| 23:27 | Scout Tower |
| 23:30 | Guard Tower |
| 23:33 | Guard Tower |
| 23:34 | Guard Tower |
| 23:36 | Brilliance Aura |
| 23:55 | Guard Tower |
| 23:57 | Guard Tower |
| 23:58 | Guard Tower |
| 24:03 | Guard Tower |
| 24:11 | Guard Tower |
| 24:21 | Scout Tower |
| 24:21 | Scout Tower |
| 24:22 | Scout Tower |
| 24:22 | Scout Tower |
| 24:23 | Scout Tower |
| 24:24 | Scout Tower |
| 24:24 | Scout Tower |
| 24:25 | Scout Tower |
| 24:25 | Scout Tower |
| 24:27 | Guard Tower |
| 24:28 | Guard Tower |
| 24:41 | Guard Tower |
| 24:42 | Storm Bolt |
| 24:46 | Guard Tower |
| 24:55 | Guard Tower |
| 24:59 | Guard Tower |
| 25:08 | Holy Light |
| 25:33 | Guard Tower |
| 26:14 | Guard Tower |
| 26:42 | Guard Tower |
| 28:15 | Cloud |
| 28:17 | Farm |
| 28:47 | Bash |
| 28:52 | Divine Shield |
| 29:36 | Town Hall |
| Right click | 2416 |
| Select | 753 |
| Select group | 457 |
| Build/train/purchase | 213 |
| Chat | 101 |
| Use ability | 93 |
| Misc. action | 49 |
| Assign group | 16 |
| Item give/drop | 8 |
| Minimap ping | 7 |



x1)
| Orb of Venom | 3 | 975 |
| Staff of Teleportation | 5 | 750 |
| Boots of Speed | 3 | 750 |
| Periapt of Vitality | 1 | 325 |
| Circlet of Nobility | 1 | 175 |
| Tome of Retraining | 1 | 300 |
| Staff of Sanctuary | 3 | 750 |
| Orb of Lightning | 1 | 375 |
| total: | 18 | 4400g |
| Wisp | 40 | 2400 | / | 0 |
| total: | 40 | 2400g | / | 0w |
| Altar of Elders | 1 | 180 | / | 50 |
| Moon Well | 26 | 4680 | / | 1040 |
| Hunter's Hall | 2 | 420 | / | 200 |
| Ancient of Wonders | 1 | 90 | / | 30 |
| Tree of Life | 6 | 2040 | / | 1110 |
| Tree of Ages | 1 | 320 | / | 180 |
| Tree of Eternity | 1 | 330 | / | 200 |
| total: | 36 | 7410g | / | 2430w |
| 0:05 | Wisp |
| 0:05 | Wisp |
| 0:07 | Altar of Elders |
| 0:15 | Wisp |
| 0:23 | Moon Well |
| 0:31 | Wisp |
| 0:31 | Wisp |
| 0:40 | Wisp |
| 0:41 | Wisp |
| 0:50 | Moon Well |
| 0:57 | Wisp |
| 1:03 | Wisp |
| 1:23 | Wisp |
| 1:49 | Wisp |
| 1:50 | Wisp |
| 2:08 | Wisp |
| 2:08 | Wisp |
| 2:12 | Entangling Roots |
| 2:29 | Wisp |
| 2:29 | Wisp |
| 3:00 | Wisp |
| 3:00 | Wisp |
| 3:51 | Tree of Ages |
| 4:17 | Hunter's Hall |
| 5:15 | Hunter's Hall |
| 5:25 | Staff of Teleportation |
| 5:25 | Boots of Speed |
| 5:27 | Periapt of Vitality |
| 6:13 | Tree of Eternity |
| 6:31 | Ancient of Wonders |
| 6:50 | Thorns Aura |
| 7:11 | Frost Arrows |
| 7:28 | Tree of Life |
| 8:07 | Ultravision |
| 8:11 | Moon Well |
| 8:13 | Moon Well |
| 8:34 | Orb of Venom |
| 8:34 | Orb of Venom |
| 9:49 | Silence |
| 10:10 | Well Spring |
| 10:15 | Wisp |
| 10:16 | Wisp |
| 10:16 | Wisp |
| 10:16 | Wisp |
| 10:17 | Wisp |
| 11:15 | Moon Well |
| 11:28 | Boots of Speed |
| 11:41 | Staff of Teleportation |
| 11:41 | Staff of Teleportation |
| 11:56 | Mana Shield |
| 12:26 | Thorns Aura |
| 13:36 | Boots of Speed |
| 13:38 | Circlet of Nobility |
| 13:44 | Staff of Teleportation |
| 13:52 | Life Drain |
| 13:59 | Tome of Retraining |
| 13:59 | Retrain Hero |
| 14:00 | Entangling Roots |
| 14:00 | Entangling Roots |
| 14:01 | Thorns Aura |
| 14:12 | Staff of Sanctuary |
| 14:15 | Staff of Sanctuary |
| 14:23 | Staff of Teleportation |
| 14:31 | Orb of Lightning |
| 15:34 | Wisp |
| 15:34 | Wisp |
| 15:34 | Wisp |
| 15:35 | Wisp |
| 16:28 | Tree of Life |
| 16:46 | Wisp |
| 16:46 | Wisp |
| 16:47 | Wisp |
| 16:47 | Wisp |
| 18:38 | Moon Well |
| 18:38 | Moon Well |
| 18:39 | Moon Well |
| 18:40 | Moon Well |
| 18:42 | Moon Well |
| 18:42 | Moon Well |
| 18:44 | Moon Well |
| 18:45 | Moon Well |
| 18:46 | Moon Well |
| 18:47 | Moon Well |
| 18:48 | Moon Well |
| 18:49 | Moon Well |
| 18:50 | Moon Well |
| 19:35 | Frost Arrows |
| 20:16 | Silence |
| 21:13 | Orb of Venom |
| 21:18 | Staff of Sanctuary |
| 21:31 | Tree of Life |
| 21:34 | Tree of Life |
| 21:35 | Tree of Life |
| 21:48 | Thorns Aura |
| 22:19 | Wisp |
| 22:19 | Wisp |
| 22:37 | Tree of Life |
| 24:24 | Wisp |
| 24:25 | Wisp |
| 24:25 | Wisp |
| 24:25 | Wisp |
| 24:26 | Wisp |
| 24:42 | Moon Well |
| 24:43 | Moon Well |
| 24:43 | Moon Well |
| 24:44 | Moon Well |
| 24:46 | Moon Well |
| 24:48 | Moon Well |
| 24:49 | Moon Well |
| 24:50 | Moon Well |
| 25:07 | Mana Shield |
| 25:33 | Nature's Blessing |
| 26:46 | Wisp |
| 26:46 | Wisp |
| 29:11 | Entangling Roots |
| 29:12 | Frost Arrows |
| 29:13 | Life Drain |
| Right click | 1646 |
| Select group | 1020 |
| Select | 235 |
| Resource trade | 207 |
| Build/train/purchase | 153 |
| Chat | 97 |
| Use ability | 90 |
| Misc. action | 89 |
| Minimap ping | 31 |
| Item give/drop | 17 |
| Esc | 6 |
| Assign group | 5 |



| Lesser Clarity Potion | 3 | 210 |
| Healing Salve | 4 | 400 |
| Orb of Lightning | 3 | 1125 |
| Dust of Appearance | 1 | 75 |
| Scroll of Town Portal | 1 | 350 |
| Staff of Teleportation | 2 | 300 |
| Boots of Speed | 4 | 1000 |
| Staff of Sanctuary | 2 | 500 |
| total: | 20 | 3960g |
| Peon | 18 | 1350 | / | 0 |
| Troll Batrider | 6 | 960 | / | 240 |
| Green Dragon | 8 | 5960 | / | 1600 |
| total: | 32 | 8270g | / | 1840w |
| Watch Tower | 50 | 5500 | / | 4000 |
| Altar of Storms | 1 | 180 | / | 50 |
| Orc Burrow | 5 | 800 | / | 200 |
| War Mill | 2 | 410 | / | 0 |
| Voodoo Lounge | 3 | 390 | / | 90 |
| Great Hall | 1 | 385 | / | 185 |
| Beastiary | 2 | 290 | / | 280 |
| Stronghold | 2 | 630 | / | 380 |
| Fortress | 2 | 650 | / | 380 |
| total: | 64 | 7955g | / | 4805w |
| 0:08 | Peon |
| 0:08 | Peon |
| 0:11 | Altar of Storms |
| 0:18 | Orc Burrow |
| 0:23 | Peon |
| 0:52 | Peon |
| 0:59 | Peon |
| 1:03 | War Mill |
| 1:09 | Voodoo Lounge |
| 1:21 | Peon |
| 1:30 | Peon |
| 1:46 | Peon |
| 1:59 | Peon |
| 2:09 | Orc Burrow |
| 2:11 | Wind Walk |
| 2:15 | Lesser Clarity Potion |
| 2:15 | Lesser Clarity Potion |
| 2:16 | Healing Salve |
| 2:16 | Healing Salve |
| 2:27 | Watch Tower |
| 2:42 | Peon |
| 2:42 | Peon |
| 3:05 | Watch Tower |
| 3:15 | Peon |
| 3:18 | Stronghold |
| 3:48 | Watch Tower |
| 4:15 | Watch Tower |
| 4:54 | Watch Tower |
| 5:09 | Spiked Barricades |
| 5:14 | Voodoo Lounge |
| 5:24 | Watch Tower |
| 5:40 | Fortress |
| 5:58 | Orc Burrow |
| 6:00 | Reinforced Defenses |
| 6:43 | Hex |
| 6:48 | Dust of Appearance |
| 6:59 | Staff of Teleportation |
| 7:02 | Boots of Speed |
| 7:06 | Boots of Speed |
| 7:06 | Boots of Speed |
| 7:15 | Critical Strike |
| 7:22 | Watch Tower |
| 7:58 | Great Hall |
| 8:16 | Voodoo Lounge |
| 8:35 | Beastiary |
| 8:43 | Beastiary |
| 9:29 | Watch Tower |
| 9:56 | Healing Wave |
| 10:09 | Troll Batrider |
| 10:15 | Watch Tower |
| 10:16 | Watch Tower |
| 11:02 | Troll Batrider |
| 11:04 | Watch Tower |
| 11:06 | Watch Tower |
| 11:09 | Endurance Aura |
| 11:47 | Orb of Lightning |
| 11:48 | Lesser Clarity Potion |
| 11:49 | Healing Salve |
| 11:49 | Healing Salve |
| 12:08 | Staff of Teleportation |
| 12:13 | Boots of Speed |
| 12:26 | Wind Walk |
| 13:25 | Watch Tower |
| 13:27 | Troll Batrider |
| 13:33 | Peon |
| 13:36 | War Mill |
| 14:00 | Troll Batrider |
| 15:09 | Troll Batrider |
| 15:10 | Liquid Fire |
| 15:12 | Watch Tower |
| 15:19 | Watch Tower |
| 15:20 | Watch Tower |
| 15:20 | Watch Tower |
| 15:21 | Watch Tower |
| 15:21 | Watch Tower |
| 15:47 | Healing Wave |
| 15:49 | War Stomp |
| 16:33 | Green Dragon |
| 16:33 | Green Dragon |
| 16:39 | Watch Tower |
| 16:40 | Watch Tower |
| 17:39 | Watch Tower |
| 17:39 | Watch Tower |
| 18:10 | Staff of Sanctuary |
| 18:32 | Orb of Lightning |
| 18:35 | Staff of Sanctuary |
| 18:38 | Green Dragon |
| 18:38 | Green Dragon |
| 18:38 | Green Dragon |
| 18:49 | Scroll of Town Portal |
| 18:56 | Orb of Lightning |
| 19:01 | Troll Batrider |
| 20:20 | Peon |
| 20:20 | Peon |
| 20:21 | Peon |
| 20:21 | Peon |
| 20:21 | Peon |
| 20:27 | Watch Tower |
| 20:27 | Watch Tower |
| 20:27 | Watch Tower |
| 20:28 | Watch Tower |
| 20:28 | Watch Tower |
| 20:39 | Critical Strike |
| 21:23 | Watch Tower |
| 21:24 | Watch Tower |
| 21:24 | Watch Tower |
| 21:24 | Watch Tower |
| 21:25 | Watch Tower |
| 21:26 | Watch Tower |
| 21:53 | Watch Tower |
| 21:54 | Watch Tower |
| 21:56 | Watch Tower |
| 21:56 | Watch Tower |
| 21:57 | Watch Tower |
| 21:59 | Watch Tower |
| 21:59 | Watch Tower |
| 22:45 | Hex |
| 24:07 | Watch Tower |
| 24:08 | Watch Tower |
| 24:09 | Watch Tower |
| 24:09 | Watch Tower |
| 24:10 | Watch Tower |
| 24:11 | Watch Tower |
| 24:12 | Watch Tower |
| 24:13 | Watch Tower |
| 24:31 | Watch Tower |
| 24:38 | Orc Burrow |
| 27:09 | Green Dragon |
| 27:09 | Green Dragon |
| 27:58 | Green Dragon |
| 28:04 | Critical Strike |
| 28:06 | Endurance Aura |
| 28:25 | Orc Burrow |
| 28:50 | Healing Wave |
| Right click | 1213 |
| Select group | 383 |
| Select | 351 |
| Build/train/purchase | 163 |
| Misc. action | 83 |
| Use ability | 62 |
| Chat | 53 |
| Assign group | 51 |
| Item give/drop | 13 |
| Esc | 5 |
| Minimap ping | 3 |
227 units @ 34.8k
/ 6.2k
115 buildings @ 14.5k
/ 6.3k


| Lesser Clarity Potion | 1 | 70 |
| Moonstone | 1 | 50 |
| Orb of Venom | 1 | 325 |
| Scroll of Town Portal | 2 | 700 |
| total: | 5 | 1145g |
| Wisp | 24 | 1440 | / | 0 |
| Dryad | 12 | 1740 | / | 720 |
| Mountain Giant | 3 | 1050 | / | 300 |
| Druid of the Claw | 4 | 1020 | / | 320 |
| total: | 43 | 5250g | / | 1340w |
| Ancient Protector | 8 | 1080 | / | 640 |
| Moon Well | 9 | 1620 | / | 360 |
| Altar of Elders | 1 | 180 | / | 50 |
| Ancient of Wonders | 1 | 90 | / | 30 |
| Hunter's Hall | 3 | 630 | / | 300 |
| Tree of Life | 1 | 340 | / | 185 |
| Ancient of Lore | 3 | 465 | / | 435 |
| Tree of Ages | 1 | 320 | / | 180 |
| Tree of Eternity | 1 | 330 | / | 200 |
| total: | 26 | 4405g | / | 2000w |
| 0:02 | Wisp |
| 0:03 | Wisp |
| 0:06 | Moon Well |
| 0:12 | Wisp |
| 0:19 | Wisp |
| 0:39 | Wisp |
| 0:53 | Altar of Elders |
| 0:56 | Wisp |
| 1:05 | Wisp |
| 1:12 | Moon Well |
| 1:19 | Wisp |
| 1:34 | Wisp |
| 1:41 | Wisp |
| 2:33 | Tree of Ages |
| 2:35 | Summon Lava Spawn |
| 2:51 | Ancient of Wonders |
| 3:32 | Hunter's Hall |
| 3:49 | Moon Well |
| 4:45 | Hunter's Hall |
| 4:48 | Lesser Clarity Potion |
| 4:48 | Moonstone |
| 5:01 | Tree of Eternity |
| 5:22 | Moon Well |
| 5:48 | Ancient of Lore |
| 5:49 | Ancient of Lore |
| 5:51 | Ancient of Lore |
| 5:57 | Soul Burn |
| 6:10 | Summon Quilbeast |
| 6:16 | Strength of the Wild |
| 7:05 | Dryad |
| 7:24 | Wisp |
| 7:24 | Wisp |
| 7:25 | Wisp |
| 7:28 | Moon Well |
| 7:46 | Tree of Life |
| 8:22 | Abolish Magic |
| 8:25 | Dryad |
| 8:30 | Summon Hawk |
| 8:49 | Wisp |
| 8:49 | Wisp |
| 8:50 | Wisp |
| 9:01 | Moon Well |
| 9:02 | Moon Well |
| 9:40 | Soul Burn |
| 9:45 | Dryad |
| 9:50 | Improved Strength of the Wild |
| 9:53 | Wisp |
| 9:53 | Wisp |
| 9:53 | Wisp |
| 10:01 | Wisp |
| 10:50 | Dryad |
| 10:56 | Wisp |
| 10:56 | Wisp |
| 11:14 | Dryad |
| 11:15 | Hardened Skin |
| 11:16 | Resistant Skin |
| 11:20 | Reinforced Hides |
| 11:26 | Wisp |
| 11:26 | Wisp |
| 12:25 | Advanced Strength of the Wild |
| 12:30 | Mountain Giant |
| 12:33 | Dryad |
| 12:43 | Summon Quilbeast |
| 13:11 | Moon Well |
| 13:12 | Moon Well |
| 13:50 | Ancient Protector |
| 13:51 | Hunter's Hall |
| 14:13 | Ancient Protector |
| 14:17 | Mountain Giant |
| 15:12 | Ancient Protector |
| 15:13 | Ancient Protector |
| 15:18 | Ancient Protector |
| 15:19 | Ancient Protector |
| 15:28 | Summon Lava Spawn |
| 15:30 | Summon Hawk |
| 16:33 | Orb of Venom |
| 16:34 | Scroll of Town Portal |
| 16:46 | Scroll of Town Portal |
| 19:23 | Dryad |
| 19:24 | Dryad |
| 19:25 | Improved Reinforced Hides |
| 20:22 | Dryad |
| 21:10 | Dryad |
| 21:47 | Druid of the Claw |
| 21:50 | Druid of the Claw Adept Training |
| 22:07 | Ancient Protector |
| 22:09 | Ancient Protector |
| 22:19 | Druid of the Claw Master Training |
| 22:21 | Druid of the Claw |
| 22:22 | Druid of the Claw |
| 23:02 | Mark of the Claw |
| 23:09 | Mountain Giant |
| 24:00 | Soul Burn |
| 24:10 | Druid of the Claw |
| 24:18 | Dryad |
| 24:18 | Dryad |
| Right click | 1134 |
| Select group | 524 |
| Select | 474 |
| Build/train/purchase | 111 |
| Assign group | 47 |
| Chat | 41 |
| Use ability | 19 |
| Misc. action | 18 |
| Minimap ping | 11 |
| Item give/drop | 4 |
| Esc | 3 |
| Remove unit | 1 |


| Peasant | 39 | 2925 | / | 0 |
| Footman | 9 | 1215 | / | 0 |
| Rifleman | 19 | 3895 | / | 570 |
| Dragonhawk Rider | 1 | 200 | / | 30 |
| Knight | 2 | 490 | / | 120 |
| Gryphon Rider | 7 | 1960 | / | 490 |
| total: | 77 | 10685g | / | 1210w |
| Scout Tower | 26 | 780 | / | 520 |
| Guard Tower | 18 | 1260 | / | 900 |
| Altar of Kings | 1 | 180 | / | 50 |
| Farm | 19 | 1520 | / | 380 |
| Lumber Mill | 2 | 240 | / | 0 |
| Barracks | 1 | 160 | / | 60 |
| Blacksmith | 1 | 140 | / | 60 |
| Town Hall | 3 | 1155 | / | 615 |
| Arcane Vault | 1 | 130 | / | 30 |
| Gryphon Aviary | 1 | 140 | / | 150 |
| Keep | 1 | 320 | / | 210 |
| Castle | 1 | 360 | / | 210 |
| total: | 55 | 4445g | / | 1865w |
| 0:16 | Peasant |
| 0:16 | Peasant |
| 0:33 | Altar of Kings |
| 0:44 | Farm |
| 1:06 | Lumber Mill |
| 1:19 | Peasant |
| 1:19 | Peasant |
| 1:33 | Barracks |
| 2:06 | Peasant |
| 2:06 | Peasant |
| 2:48 | Farm |
| 2:51 | Footman |
| 2:51 | Footman |
| 3:09 | Blacksmith |
| 3:26 | Storm Bolt |
| 3:40 | Footman |
| 3:50 | Farm |
| 4:29 | Footman |
| 4:29 | Footman |
| 4:32 | Keep |
| 4:38 | Farm |
| 4:43 | Improved Masonry |
| 4:47 | Iron Forged Swords |
| 5:02 | Footman |
| 5:02 | Footman |
| 5:31 | Farm |
| 5:56 | Town Hall |
| 6:19 | Farm |
| 6:22 | Footman |
| 6:22 | Footman |
| 6:24 | Iron Plating |
| 6:41 | Scout Tower |
| 6:46 | Thunder Clap |
| 7:37 | Farm |
| 7:42 | Peasant |
| 7:42 | Peasant |
| 7:43 | Peasant |
| 8:01 | Guard Tower |
| 8:22 | Brilliance Aura |
| 8:27 | Rifleman |
| 8:27 | Rifleman |
| 8:40 | Peasant |
| 8:40 | Peasant |
| 8:40 | Peasant |
| 8:49 | Farm |
| 9:35 | Peasant |
| 9:36 | Peasant |
| 9:59 | Peasant |
| 9:59 | Peasant |
| 10:00 | Peasant |
| 10:00 | Peasant |
| 10:05 | Farm |
| 10:17 | Gryphon Aviary |
| 10:20 | Long Rifles |
| 10:20 | Rifleman |
| 10:21 | Rifleman |
| 10:22 | Black Gunpowder |
| 10:33 | Scout Tower |
| 11:28 | Guard Tower |
| 11:30 | Peasant |
| 11:31 | Peasant |
| 11:31 | Peasant |
| 11:58 | Storm Bolt |
| 12:00 | Summon Water Elemental |
| 12:29 | Peasant |
| 12:29 | Peasant |
| 12:30 | Peasant |
| 12:38 | Rifleman |
| 12:38 | Rifleman |
| 12:40 | Refined Gunpowder |
| 12:51 | Arcane Vault |
| 12:58 | Farm |
| 13:00 | Improved Lumber Harvesting |
| 13:01 | Advanced Masonry |
| 13:03 | Castle |
| 14:16 | Farm |
| 14:42 | Studded Leather Armor |
| 14:43 | Steel Forged Swords |
| 14:43 | Steel Plating |
| 14:45 | Dragonhawk Rider |
| 14:48 | Rifleman |
| 14:48 | Rifleman |
| 15:17 | Town Hall |
| 15:26 | Scout Tower |
| 15:52 | Knight |
| 15:52 | Knight |
| 16:28 | Gryphon Rider |
| 16:35 | Storm Hammers |
| 16:44 | Farm |
| 17:01 | Guard Tower |
| 17:30 | Farm |
| 17:32 | Advanced Lumber Harvesting |
| 18:16 | Scout Tower |
| 18:35 | Farm |
| 18:50 | Peasant |
| 18:51 | Peasant |
| 18:51 | Peasant |
| 19:29 | Peasant |
| 19:29 | Peasant |
| 19:29 | Peasant |
| 19:33 | Scout Tower |
| 19:52 | Farm |
| 19:57 | Rifleman |
| 19:57 | Rifleman |
| 20:15 | Guard Tower |
| 20:40 | Guard Tower |
| 20:48 | Scout Tower |
| 20:53 | Peasant |
| 20:53 | Peasant |
| 21:08 | Rifleman |
| 21:08 | Rifleman |
| 21:11 | Gryphon Rider |
| 21:11 | Gryphon Rider |
| 21:16 | Farm |
| 21:19 | Imbued Masonry |
| 21:33 | Guard Tower |
| 21:40 | Scout Tower |
| 21:46 | Peasant |
| 21:46 | Peasant |
| 21:50 | Scout Tower |
| 22:17 | Scout Tower |
| 22:29 | Guard Tower |
| 22:34 | Scout Tower |
| 22:38 | Guard Tower |
| 22:41 | Scout Tower |
| 22:47 | Gryphon Rider |
| 22:47 | Gryphon Rider |
| 22:49 | Rifleman |
| 22:49 | Rifleman |
| 22:55 | Farm |
| 23:11 | Guard Tower |
| 23:19 | Rifleman |
| 23:19 | Rifleman |
| 24:11 | Scout Tower |
| 24:17 | Scout Tower |
| 24:20 | Peasant |
| 24:20 | Peasant |
| 24:21 | Peasant |
| 24:36 | Rifleman |
| 24:36 | Rifleman |
| 24:38 | Gryphon Rider |
| 24:38 | Gryphon Rider |
| 24:46 | Farm |
| 25:03 | Guard Tower |
| 25:20 | Guard Tower |
| 25:23 | Scout Tower |
| 25:33 | Scout Tower |
| 25:38 | Scout Tower |
| 25:40 | Scout Tower |
| 26:01 | Scout Tower |
| 26:13 | Scout Tower |
| 26:15 | Guard Tower |
| 26:43 | Guard Tower |
| 27:04 | Farm |
| 27:14 | Town Hall |
| 27:22 | Rifleman |
| 27:24 | Imbued Gunpowder |
| 27:41 | Guard Tower |
| 27:46 | Scout Tower |
| 27:57 | Thunder Clap |
| 27:59 | Peasant |
| 28:00 | Peasant |
| 28:12 | Scout Tower |
| 28:15 | Scout Tower |
| 28:19 | Scout Tower |
| 28:21 | Scout Tower |
| 28:34 | Lumber Mill |
| 28:42 | Guard Tower |
| 28:47 | Scout Tower |
| 28:49 | Guard Tower |
| 28:52 | Guard Tower |
| 28:54 | Guard Tower |
| 28:58 | Scout Tower |
| Select | 360 |
| Right click | 187 |
| Build/train/purchase | 134 |
| Misc. action | 31 |
| Use ability | 15 |

| Peon | 12 | 900 | / | 0 |
| Grunt | 1 | 200 | / | 0 |
| Troll Headhunter | 18 | 2520 | / | 360 |
| Troll Berserker | 10 | 1400 | / | 200 |
| Tauren | 9 | 2520 | / | 720 |
| Shaman | 13 | 1690 | / | 260 |
| Demolisher | 6 | 1320 | / | 300 |
| total: | 69 | 10550g | / | 1840w |
| Altar of Storms | 1 | 180 | / | 50 |
| Barracks | 2 | 360 | / | 100 |
| Orc Burrow | 8 | 1280 | / | 320 |
| War Mill | 1 | 205 | / | 0 |
| Great Hall | 1 | 385 | / | 185 |
| Tauren Totem | 2 | 270 | / | 310 |
| Spirit Lodge | 1 | 150 | / | 150 |
| Stronghold | 1 | 315 | / | 190 |
| Fortress | 1 | 325 | / | 190 |
| total: | 16 | 2830g | / | 1115w |
| 0:12 | Altar of Storms |
| 0:16 | Barracks |
| 0:17 | Peon |
| 0:27 | Orc Burrow |
| 1:28 | Grunt |
| 1:33 | Peon |
| 1:49 | War Mill |
| 3:06 | Troll Headhunter |
| 3:06 | Troll Headhunter |
| 3:06 | Troll Headhunter |
| 3:07 | Troll Headhunter |
| 3:07 | Troll Headhunter |
| 3:11 | Peon |
| 3:25 | Orc Burrow |
| 3:55 | Feral Spirit |
| 4:25 | Steel Ranged Weapons |
| 4:33 | Troll Headhunter |
| 4:34 | Troll Headhunter |
| 4:36 | Peon |
| 4:37 | Peon |
| 4:37 | Peon |
| 4:44 | Orc Burrow |
| 5:48 | Great Hall |
| 6:01 | Troll Headhunter |
| 6:02 | Troll Headhunter |
| 6:02 | Troll Headhunter |
| 6:11 | Troll Headhunter |
| 6:24 | Orc Burrow |
| 7:02 | Stronghold |
| 7:37 | Orc Burrow |
| 7:48 | Chain Lighting |
| 7:53 | Steel Armor |
| 7:59 | Troll Headhunter |
| 8:36 | Troll Headhunter |
| 8:36 | Troll Headhunter |
| 8:44 | Peon |
| 8:50 | Peon |
| 9:01 | Troll Headhunter |
| 9:08 | Steel Melee Weapons |
| 9:43 | Troll Regeneration |
| 9:44 | Troll Headhunter |
| 9:46 | Fortress |
| 12:15 | Berserker Upgrade |
| 12:15 | Troll Headhunter |
| 12:16 | Troll Headhunter |
| 12:21 | Tauren Totem |
| 12:44 | Thorium Ranged Weapons |
| 12:49 | Peon |
| 13:08 | Spirit Lodge |
| 13:32 | Troll Berserker |
| 14:29 | Tauren Totem |
| 14:37 | Pulverize |
| 14:38 | Tauren |
| 14:43 | Shaman Adept Training |
| 14:44 | Shaman |
| 14:48 | Shaman |
| 15:48 | Orc Burrow |
| 16:02 | Shaman Master Training |
| 16:07 | Tauren |
| 16:19 | Peon |
| 16:24 | Peon |
| 16:24 | Peon |
| 16:27 | Arcanite Ranged Weapons |
| 16:51 | Orc Burrow |
| 17:39 | Tauren |
| 17:41 | Shaman |
| 17:42 | Shaman |
| 17:44 | Troll Berserker |
| 17:45 | Troll Berserker |
| 17:48 | Demolisher |
| 18:14 | Chain Lighting |
| 20:06 | Shaman |
| 20:06 | Shaman |
| 20:12 | Tauren |
| 20:13 | Tauren |
| 20:17 | Troll Berserker |
| 20:17 | Troll Berserker |
| 22:02 | Demolisher |
| 22:06 | Shaman |
| 22:56 | Tauren |
| 22:57 | Tauren |
| 23:01 | Demolisher |
| 23:02 | Troll Berserker |
| 23:04 | Troll Berserker |
| 23:05 | Troll Berserker |
| 23:06 | Shaman |
| 23:06 | Shaman |
| 23:37 | Tauren |
| 23:40 | Shaman |
| 23:57 | Tauren |
| 24:07 | Shaman |
| 24:08 | Shaman |
| 24:23 | Barracks |
| 24:30 | Orc Burrow |
| 24:37 | Shaman |
| 24:48 | Troll Berserker |
| 24:48 | Troll Berserker |
| 24:54 | Demolisher |
| 24:55 | Demolisher |
| 25:12 | Thorium Armor |
| 25:12 | Arcanite Armor |
| 25:55 | Demolisher |
| 26:44 | Burning Oil |
| Right click | 1014 |
| Select | 258 |
| Chat | 203 |
| Build/train/purchase | 92 |
| Minimap ping | 23 |
| Remove unit | 11 |
| Use ability | 9 |
| Assign group | 6 |


| Boots of Speed | 1 | 250 |
| total: | 1 | 250g |
| Acolyte | 7 | 525 | / | 0 |
| Ghoul | 4 | 480 | / | 0 |
| Crypt Fiend | 15 | 3225 | / | 600 |
| Obsidian Statue | 3 | 600 | / | 105 |
| Frost Wyrm | 9 | 3465 | / | 1080 |
| total: | 38 | 8295g | / | 1785w |
| Nerubian Tower | 2 | 200 | / | 40 |
| Spirit Tower | 3 | 435 | / | 120 |
| Altar of Darkness | 1 | 180 | / | 50 |
| Ziggurat | 10 | 1500 | / | 500 |
| Crypt | 1 | 200 | / | 50 |
| Tomb of Relics | 1 | 130 | / | 30 |
| Graveyard | 1 | 215 | / | 0 |
| Slaughterhouse | 1 | 140 | / | 135 |
| Sacrificial Pit | 1 | 75 | / | 150 |
| Boneyard | 2 | 350 | / | 400 |
| Halls of the Dead | 1 | 320 | / | 210 |
| Black Citadel | 1 | 325 | / | 230 |
| total: | 18 | 2790g | / | 1315w |
| 0:07 | Altar of Darkness |
| 0:10 | Acolyte |
| 0:10 | Acolyte |
| 0:16 | Ziggurat |
| 0:45 | Crypt |
| 1:07 | Tomb of Relics |
| 1:31 | Nerubian Tower |
| 1:50 | Ghoul |
| 1:50 | Ghoul |
| 2:03 | Ziggurat |
| 2:09 | Graveyard |
| 2:19 | Death Coil |
| 2:29 | Ghoul |
| 2:54 | Ghoul |
| 3:12 | Ziggurat |
| 3:34 | Crypt Fiend |
| 3:34 | Crypt Fiend |
| 4:24 | Crypt Fiend |
| 4:27 | Creature Attack |
| 4:34 | Crypt Fiend |
| 4:53 | Crypt Fiend |
| 5:12 | Creature Carapace |
| 5:44 | Crypt Fiend |
| 5:58 | Halls of the Dead |
| 6:23 | Ziggurat |
| 6:24 | Ziggurat |
| 6:36 | Unholy Aura |
| 7:36 | Death Coil |
| 7:38 | Boots of Speed |
| 7:51 | Crypt Fiend |
| 7:55 | Ziggurat |
| 7:57 | Nerubian Tower |
| 8:20 | Acolyte |
| 8:21 | Acolyte |
| 8:21 | Acolyte |
| 8:26 | Acolyte |
| 8:36 | Acolyte |
| 9:09 | Improved Creature Attack |
| 9:11 | Web |
| 9:34 | Spirit Tower |
| 10:13 | Crypt Fiend |
| 10:44 | Improved Creature Carapace |
| 10:49 | Slaughterhouse |
| 10:53 | Sacrificial Pit |
| 10:59 | Crypt Fiend |
| 11:34 | Crypt Fiend |
| 11:34 | Crypt Fiend |
| 11:43 | Black Citadel |
| 12:38 | Ziggurat |
| 12:39 | Ziggurat |
| 12:52 | Impale |
| 14:11 | Advanced Creature Attack |
| 14:11 | Advanced Creature Carapace |
| 14:13 | Obsidian Statue |
| 14:14 | Obsidian Statue |
| 14:17 | Crypt Fiend |
| 14:17 | Crypt Fiend |
| 14:47 | Spirit Tower |
| 15:29 | Boneyard |
| 16:21 | Obsidian Statue |
| 16:32 | Ziggurat |
| 16:34 | Ziggurat |
| 17:21 | Crypt Fiend |
| 17:21 | Crypt Fiend |
| 17:25 | Spirit Tower |
| 18:13 | Freezing Breath |
| 18:15 | Frost Wyrm |
| 18:15 | Frost Wyrm |
| 18:15 | Frost Wyrm |
| 19:50 | Boneyard |
| 21:22 | Frost Wyrm |
| 21:23 | Frost Wyrm |
| 21:23 | Frost Wyrm |
| 21:23 | Frost Wyrm |
| 22:53 | Frost Wyrm |
| 24:15 | Frost Wyrm |
| Select | 284 |
| Right click | 220 |
| Build/train/purchase | 61 |
| Select group | 57 |
| Chat | 45 |
| Misc. action | 34 |
| Use ability | 20 |
| Assign group | 11 |
| Minimap ping | 3 |
| Remove unit | 1 |
⇛